 Dungeon Crawl Stone Soup version 0.19-a0-448-gfb5d502 (webtiles) character file.

79 Steelers13 the Skirmisher (level 4, 0/41 HPs)
             Began as a Minotaur Berserker on June 1, 2016.
             Was a Believer of Trog.
             Slain by an orc
             ... wielding a +2 morningstar of crushing
              (6 damage)
             ... on level 3 of the Dungeon.
             The game lasted 00:11:28 (2810 turns).

Steelers13 the Skirmisher (Minotaur Berserker)      Turns: 2810, Time: 00:11:29

Health: 0/41       AC:  2    Str: 23    XL:     4   Next: 17%
Magic:  3/3        EV: 13    Int:  4    God:    Trog [**....]
Gold:   83         SH:  0    Dex:  9    Spells: 0 memorised, 3 levels left

rFire  . . .     SeeInvis .     w - +0 long sword
rCold  . . .     Gourm    .     i - +0 robe (curse)
rNeg   . . .     Faith    .     (no shield)
rPois  .         Spirit   .     (helmet restricted)
rElec  .         Dismiss  .     (no cloak)
rCorr  .         Reflect  .     (no gloves)
SustAt +         Harm     .     (no boots)
MR     .....                    (no amulet)
Stlth  +.........               (no ring)
                                s - ring of sustain attributes

@: not resistant to hostile enchantments, very unstealthy
A: retaliatory headbutt, horns 2
a: Berserk, Trog's Hand, Burn Spellbooks, Renounce Religion


You were on level 3 of the Dungeon.
You worshipped Trog.
Trog was pleased with you.
You were not hungry.

You visited 1 branch of the dungeon, and saw 3 of its levels.

You collected 83 gold pieces.

Inventory:

Hand Weapons
 a - a +0 short sword
 w - a +0 long sword (weapon)
Missiles
 h - a throwing net (quivered)
Armour
 b - a +0 animal skin
 i - a cursed +0 robe (worn)
 k - a +0 ring mail
 q - a +0 scale mail
Jewellery
 s - a ring of sustain attributes (left hand)
Scrolls
 e - 3 scrolls of enchant armour {unknown}
 f - 4 scrolls of teleportation {unknown}
 o - a scroll of noise {unknown}
 r - a scroll of identify {unknown}
 v - 2 scrolls of random uselessness {unknown}
 x - 2 scrolls of amnesia {unknown}
Potions
 g - a potion of brilliance {unknown}
 j - 5 potions of heal wounds {unknown}
 l - a potion of mutation {unknown}
 m - a potion of invisibility
 u - 2 potions of flight {unknown}
Comestibles
 c - 3 bread rations
 d - 3 beef jerkies
 p - a fruit
 t - a slice of pizza


   Skills:
 + Level 4.4 Fighting
 + Level 3.9 Short Blades
 + Level 2.8 Armour
 + Level 3.1 Dodging
 + Level 0.6 Stealth


You had 3 spell levels left.
You didn't know any spells.

Dungeon Overview and Level Annotations

Branches:
Dungeon (3/15)

Altars:
Kikubaaqudgha
Qazlal
Ru
Vehumet
Yredelemnul


Innate Abilities, Weirdness & Mutations

You reflexively headbutt those who attack you in melee.
You have a pair of horns on your head.


Message History

* * * LOW HITPOINT WARNING * * *
The orc barely misses you.
Things that are here:
a flail; a leather armour The orc completely misses you.
You furiously retaliate!
You headbutt the orc. You slash the orc!
You kill the orc!
Trog accepts your kill. The orc hits you with a hand axe.
* * * LOW HITPOINT WARNING * * *
The orc hits you but does no damage.
Things that are here:
a hand axe; a ring mail; an orc corpse The orc completely misses you.
You furiously retaliate!
You headbutt the orc!
You kill the orc!
Trog accepts your kill.
You barely miss the orc. You headbutt the orc.
The orc is lightly wounded.
The orc hits you with a morningstar of crushing.
You die...

### ... ####.#
#.###..).# #
#....))#.# #
#####.)# # #
############o.#
#
#...........@)#
#
#[###########.#
# #.# #.# # #.#
#.. # #.# ####
# #.# #####.##
.......###
.........##


You could see an orc.

Vanquished Creatures
  2 adders
  2 dart slugs (D:1)
  2 giant geckos
  4 orcs (D:3)
  5 bats
  A giant cockroach (D:1)
  10 goblins
  3 hobgoblins
  4 jackals (D:3)
  3 quokkas
  3 giant newts
  7 kobolds
  7 rats
53 creatures vanquished.

Notes
Turn   | Place    | Note
--------------------------------------------------------------
     0 | D:1      | Steelers13 the Minotaur Berserker began the quest for the Orb.
     0 | D:1      | Reached XP level 1. HP: 19/19 MP: 0/0
   131 | D:1      | Reached XP level 2. HP: 25/27 MP: 1/1
   295 | D:1      | Reached skill level 4 in Fighting
   808 | D:1      | Reached ** piety under Trog
  1105 | D:2      | Reached XP level 3. HP: 26/33 MP: 2/2
  1659 | D:2      | Found an ancient bone altar of Kikubaaqudgha.
  1746 | D:2      | Found a radiant altar of Vehumet.
  1746 | D:2      | Found a stormy altar of Qazlal.
  1940 | D:3      | Found a basalt altar of Yredelemnul.
  2041 | D:3      | Found a sacrificial altar of Ru.
  2512 | D:3      | Reached XP level 4. HP: 38/41 MP: 3/3
  2810 | D:3      | Slain by an orc

Vault maps used:
D:1:      grunt_arrival_lava_bath
D:2:      kiku_gazebo_garden_becter, gammafunk_temple_overflow_elements
D:3:      lemuel_round_altar, nicolae_ru_sacrificial_ziggurat, first_bread

Skill      XL: |  1  2  3 |
---------------+----------+-----
Fighting       | 4 |  4.4
Dodging        | 3 |  3.1
Short Blades   | |  3.9
Armour         | |  2.8
Stealth        | |  0.6

Action                   |  1- 3 |  4- 6 || total
-------------------------+-------+-------++-------
Melee: Short sword       |    64 |       ||    64
       Headbutt          |     9 |     2 ||    11
       Long sword        |     5 |     6 ||    11
  Eat: Chunk             |     5 |     1 ||     6
Armor: Animal skin       |     3 |       ||     3
       Robe              |    15 |     2 ||    17
Dodge: Dodged            |    58 |    13 ||    71
